 Dungeon Crawl Stone Soup version 0.18-a0-1764-gf4ddf0b (webtiles) character file.

116089 dvd the Imperceptible (level 16, 0/77 HPs)
             Began as a Spriggan Enchanter on Apr 13, 2016.
             Was the Champion of Dithmenos.
             Slain by Asterion
             ... wielding a +3 morningstar of draining
              (15 damage)
             ... on level 2 of the Snake Pit on Apr 14, 2016.
             The game lasted 02:27:54 (34626 turns).

dvd the Imperceptible (Spriggan Enchanter)         Turns: 34626, Time: 02:27:55

Health: 0/77       AC: 14    Str: 11    XL:     16   Next: 20%
Magic:  16/36      EV: 23    Int: 21    God:    Dithmenos [******]
Gold:   1619       SH:  0    Dex: 19    Spells: 8 memorised, 19 levels left

rFire  . . .     SeeInvis +     v - +8 short sword (protect)
rCold  + . .     Gourm    .     z - +2 animal skin {rC+}
rNeg   . . .     Faith    .     (shield restricted)
rPois  +         Spirit   .     o - +2 hat
rElec  +         Dismiss  .     J - +2 cloak
rCorr  .         Reflect  .     (gloves unavailable)
SustAt .         Harm     .     (boots unavailable)
MR     +++..                    C - amulet of regeneration
Stlth  ++++++++++               Z - ring of wizardry
                                x - ring "Heahimos" {+Inv rPois MR+ Str+7}

@: wreathed by umbra, drained, very quick, extremely resistant to hostile
enchantments, uncannily stealthy
A: unfitting armour, talons 1, see invisible, herbivore 3, speed 3, mutation
resistance 1, electricity resistance, slow metabolism 2
a: Shadow Step, Shadow Form, Renounce Religion, Evoke Invisibility


You were on level 2 of the Snake Pit.
You worshipped Dithmenos.
Dithmenos was exalted by your worship.
You were not hungry.

You visited 5 branches of the dungeon, and saw 28 of its levels.
You also visited: Ice Cave and Volcano.

You collected 2755 gold pieces.
You spent 1136 gold pieces at shops.

Inventory:

Hand Weapons
 a - a +2 dagger of venom
 v - a +8 short sword of protection (weapon)
Armour
 o - a +2 hat (worn)
 z - a +2 animal skin of cold resistance (worn)
 D - a +2 robe of magic resistance
 J - a +2 cloak (worn)
 T - a +2 robe of positive energy
Jewellery
 x - the ring "Heahimos" (left hand) {+Inv rPois MR+ Str+7}
   (You found it on level 10 of the Dungeon)

   [ring of protection from magic]

   It affects your strength (+7).
   It protects you from poison.
   It affects your resistance to hostile enchantments.
   It lets you turn invisible.
 C - an amulet of regeneration (around neck)
 N - the amulet "Byol" {Gourm Int+3 Dex+3 SInv}
   (You found it on level 1 of the Snake Pit)

   [amulet of the gourmand]

   It allows you to eat raw meat even when not hungry.
   It affects your intelligence (+3).
   It affects your dexterity (+3).
   It lets you see invisible.
 Q - an uncursed ring of sustain attributes
 Y - an uncursed amulet of dismissal
 Z - a ring of wizardry (right hand)
Wands
 c - a wand of lightning (5/15)
 f - a wand of disintegration (13/24)
 n - a wand of acid (11/15)
 p - a wand of paralysis (11/24)
 q - a wand of lightning (9/15)
 s - a wand of disintegration (8/24)
 t - a wand of iceblast (8/15)
 u - a wand of paralysis (11/24)
 y - a wand of acid (8/15)
 F - a wand of acid (6/15)
 I - a wand of acid (8/15)
 S - a wand of disintegration (8/24)
 U - a wand of iceblast (11/15)
Scrolls
 g - 7 scrolls of teleportation
 i - 14 scrolls of identify
 m - 3 scrolls of blinking
 r - 2 scrolls of fear
 w - a scroll of amnesia
 A - 2 scrolls of enchant armour
 B - a scroll of holy word {unknown}
 E - 7 scrolls of remove curse
 G - 2 scrolls of magic mapping
 H - a scroll of fog
 O - 2 scrolls of recharging
Potions
 b - a potion of cancellation
 e - 2 potions of cure mutation
 j - 11 potions of curing
 k - 2 potions of magic
 l - 2 potions of haste
 K - a potion of might
 R - 7 potions of heal wounds
 V - a potion of resistance
Comestibles
 d - 17 bread rations
 h - 33 fruits


   Skills:
 + Level 5.7(5.0) Fighting
 + Level 5.7(5.1) Short Blades
 + Level 11.6(10.8) Dodging
 + Level 24.7(23.7) Stealth
 + Level 15.6(14.8) Spellcasting
 + Level 2.7(2.1) Conjurations
 + Level 14.4(13.6) Hexes
 + Level 2.6(2.0) Charms
 + Level 2.6(2.0) Necromancy
 + Level 6.5(5.8) Ice Magic
 + Level 0.2(0.0) Invocations
 + Level 1.0(0.4) Evocations


You had 19 spell levels left.
You knew the following spells:

 Your Spells              Type           Power        Failure   Level  Hunger
a - Metabolic Englaciati  Hex/Ice        ######....   1%          5    ###....
b - Ensorcelled Hibernat  Hex/Ice        ######       1%          2    None
c - Confuse               Hex            ######..     1%          3    None
d - Tukima's Dance        Hex            ######..     1%          3    None
e - Dazzling Spray        Conj/Hex       #####...     1%          3    None
f - Fulminant Prism       Conj/Hex       #####.....   1%          4    None
g - Regeneration          Chrm/Necr      ###.......   2%          3    None
h - Animate Dead          Necr           N/A          9%          4    None


Dungeon Overview and Level Annotations

Branches:
Dungeon (15/15)            Temple (1/1) D:6            Lair (8/8) D:10
 Shoals (0/4) Lair:3        Snake (2/4) Lair:4        Slime (0/6) Lair:8
    Orc (2/2) D:11            Elf (0/3) Orc:2        Vaults (0/5) D:14
 Depths (0/5) D:15

Altars:
Ashenzari
Cheibriados
Dithmenos
Elyvilon
Fedhas
Gozag
Kikubaaqudgha
Makhleb
Nemelex Xobeh
Okawaru
Pakellas
Qazlal
Ru
Sif Muna
Trog
Vehumet
Xom
Yredelemnul
Zin
The Shining One

Shops:
D:4 !   D:6 ?   D:11 [   Orc:2 (:[?([!%

Annotations:
Snake:2 Asterion


Innate Abilities, Weirdness & Mutations

You are tiny and cannot use many weapons and most armour.
You have supernaturally acute eyesight.
You are a herbivore.
You cover ground extremely quickly.
You need consume almost no food.
You have sharp toenails.
You are somewhat resistant to further mutation.
You are resistant to electric shocks.


Message History

The shock serpent is dazzled.
Your shadow mimicks your spell!
The shadow shard misses the shock serpent.
Unknown command.
Casting: Dazzling Spray
Confirm with . or Enter, or press ? or * to list all spells.
Aiming: Dazzling Spray
Press: ? - help, Shift-Dir - straight line, f/p - shock serpent
Aim: a shock serpent (almost dead, blind, umbra)
The spray of energy hits the shock serpent.
The shock serpent is almost dead.
The shock serpent is dazzled.
The spray of energy hits Asterion.
Asterion is lightly wounded.
Unknown command.
Asterion chants a prayer to Makhleb.
Asterion hits you with a morningstar of draining!!!
Ouch! That really hurt!
* * * LOW HITPOINT WARNING * * *
You emit a cloud of dark smoke.
You feel drained.
You die...

.#......#...>...........#..
..##.....###..........#....
..##......#...............
#.#......#.S.............
#..#......S.....##.......
#.....[..#÷....#[.).....
##....)#................
#....§§#[.))...).......
###(.§@H.[...[.).###...
###§#................
##.#...............
##...##...........
##...###.........
#...............
##...###"...##..
#....#......# .
##.............


You could see Asterion and 2 shock serpents.

Vanquished Creatures
  Gastronok (D:9)
  Agnes (D:14)
  A frost giant (IceCv)
  Louise (Snake:2)
  Aizul (Snake:1)
  An ettin (Orc:1)
  Josephine (Lair:5)
  6 vault guards
  A rakshasa (D:15)
  3 hydras
  Erolcha (D:9)
  A catoblepas (Lair:7)
  2 centaur warriors
  A queen ant (Lair:7)
  6 death yaks
  5 orc high priests (Orc:2)
  Urug (D:12)
  A tengu warrior (D:10)
  A shock serpent (Snake:2)
  Nergalle (Lair:3)
  Sonja (D:14)
  5 unseen horrors
  A salamander mystic (Snake:2)
  2 hill giants (D:14)
  5 orc knights
  A lindwurm (Lair:4)
  4 mana vipers
  A griffon (Lair:5)
  15 ugly things
  An oklob plant (Lair:7)
  15 elephants
  2 salamanders
  An orc sorcerer (Orc:2)
  A deep elf mage (D:12)
  3 manticores
  Maurice (D:13)
  2 cyclopes
  3 centaur zombies
  14 black mambas
  A siren (Lair:3)
  Psyche (D:9)
  3 gargoyles
  A torpor snail (Lair:3)
  11 spiny frogs
  A kobold demonologist (D:11)
  The ghost of Ratboiler the Carver, a novice OpWn of Gozag (D:6)
  5 rime drakes
  A freezing wraith (D:14)
  2 spriggan druids (Lair:8)
  7 komodo dragons
  17 polar bears
  A two-headed ogre (shapeshifter) (D:14)
  7 trolls
  Grinder (D:5)
  A boulder beetle (Lair:8)
  A two-headed ogre (D:13)
  22 blink frogs
  2 flying skulls (Volcano)
  4 vampires
  9 spriggans
  5 wraiths
  A shadow (D:13)
  6 redbacks (Lair:8)
  A basilisk (Lair:3)
  5 wyverns
  52 yaks
  10 hippogriffs
  Eustachio (D:5)
  2 mottled dragons
  A hungry ghost (Orc:2)
  A steam dragon (D:12)
  5 nagas
  Edmund (D:5)
  18 water moccasins
  A warg (D:12)
  3 soldier ants (Lair:7)
  3 ice beasts
  7 porcupines
  3 necrophages
  5 sky beasts
  24 orc warriors
  12 ogres
  5 wasps
  6 black bears
  2 eyes of draining (D:14)
  4 boggarts (D:15)
  4 phantoms
  36 wolves
  3 centaurs
  16 crocodiles
  3 big kobolds
  2 wyvern zombies (D:11)
  25 giant frogs
  5 scorpions
  3 killer bees (D:10)
  A troll skeleton (D:9)
  8 wights
  3 electric eels (Lair:7)
  3 spriggan skeletons (D:9)
  9 howler monkeys
  6 crimson imps
  3 giant frog zombies
  A quasit (D:5)
  5 centaur skeletons
  16 jellies
  5 hounds
  38 orc priests
  Crazy Yiuf (D:4)
  2 giant frog skeletons
  5 iguanas
  17 orc wizards
  36 worker ants
  28 sheep
  A hound skeleton (D:6)
  A worker ant zombie (D:11)
  19 adders
  6 gnolls
  2 howler monkey skeletons
  65 river rats
  2 shadow imps
  12 white imps (Lair:3)
  3 oozes
  5 worms
  2 dart slugs
  10 giant geckos
  99 orcs
  5 giant cockroaches
  6 goblins
  6 hobgoblins
  7 jackals
  17 kobolds
  5 quokkas
  A ball python (D:8)
  7 bats
  6 giant newts
  A jackal zombie (D:5)
  19 rats
  2 plants (Lair:6)
991 creatures vanquished.

Vanquished Creatures (collateral kills)
  2 vault guards (D:14)
  A hydra (D:14)
  A hill giant (D:14)
  A naga ritualist (Snake:2)
  An orc knight (D:15)
  A naga mage (Snake:2)
  A two-headed ogre (D:11)
  A steam dragon (D:12)
  3 nagas (Snake:2)
  10 orc warriors
  An ogre (D:15)
  A gnoll sergeant (D:11)
  4 wights
  A gnoll shaman (Orc:2)
  5 orc priests
  5 gnolls
  5 orcs
  2 kobolds (D:12)
46 creatures vanquished.

Vanquished Creatures (others)
  A polar bear (IceCv)
  A spriggan (Lair:8)
  17 dancing weapons
  2 wolves (Lair:8)
  A centaur skeleton (D:12)
  A bush (Lair:8)
  20 fulminant prisms
  18 fungi
  7 plants
68 creatures vanquished.

Grand Total: 1105 creatures vanquished

Notes
Turn   | Place    | Note
--------------------------------------------------------------
     0 | D:1      | dvd the Spriggan Enchanter began the quest for the Orb.
     0 | D:1      | Reached XP level 1. HP: 9/9 MP: 5/5
   346 | D:1      | Reached XP level 2. HP: 13/13 MP: 4/6
   356 | D:1      | Learned a level 2 spell: Ensorcelled Hibernation
   786 | D:1      | Reached skill level 5 in Stealth
  1074 | D:1      | Reached XP level 3. HP: 16/16 MP: 5/8
  1742 | D:2      | Found a shadowy altar of Dithmenos.
  1749 | D:2      | Became a worshipper of Dithmenos the Shadowed
  1845 | D:2      | Reached XP level 4. HP: 21/21 MP: 4/9
  2090 | D:2      | Learned a level 3 spell: Confuse
  2237 | D:2      | Learned a level 3 spell: Tukima's Dance
  2243 | D:3      | Reached skill level 6 in Stealth
  2478 | D:3      | Reached skill level 1 in Ice Magic
  3023 | D:3      | Reached skill level 1 in Fighting
  3023 | D:3      | Reached XP level 5. HP: 25/25 MP: 4/11
  3548 | D:3      | Learned a level 3 spell: Dazzling Spray
  3647 | D:3      | Reached * piety under Dithmenos
  3942 | D:3      | Reached XP level 6. HP: 30/30 MP: 8/13
  4449 | D:3      | Found a sparkling altar of Nemelex Xobeh.
  4695 | D:4      | Reached skill level 5 in Spellcasting
  4886 | D:4      | Reached skill level 7 in Stealth
  4886 | D:4      | Reached skill level 5 in Hexes
  4912 | D:4      | Reached ** piety under Dithmenos
  4916 | D:4      | Reached XP level 7. HP: 35/35 MP: 9/16
  5341 | D:4      | Found a glowing golden altar of the Shining One.
  5362 | D:4      | Noticed Crazy Yiuf
  5366 | D:4      | Killed Crazy Yiuf
  5583 | D:4      | Found Ucisonwu's Distillery.
  5673 | D:4      | Reached skill level 8 in Stealth
  5679 | D:4      | Reached XP level 8. HP: 35/39 MP: 11/18
  5771 | D:5      | Entered Level 5 of the Dungeon
  5771 | D:5      | Noticed Eustachio
  5771 | D:5      | Noticed Grinder
  5776 | D:5      | Killed Eustachio
  5784 | D:5      | Killed Grinder
  5784 | D:5      | Reached skill level 9 in Stealth
  5984 | D:5      | Reached skill level 5 in Dodging
  6266 | D:5      | Noticed Edmund
  6273 | D:5      | Killed Edmund
  6345 | D:5      | Reached skill level 10 in Stealth
  6539 | D:6      | Reached *** piety under Dithmenos
  6671 | D:6      | Found a staircase to the Ecumenical Temple.
  6682 | Temple   | Entered the Ecumenical Temple
  6753 | D:6      | Reached XP level 9. HP: 45/45 MP: 17/21
  7086 | D:6      | Found an oddly glowing altar of Pakellas.
  7087 | D:6      | Noticed a rakshasa
  7111 | D:6      | Noticed Ratboiler's ghost (novice OpWn)
  7131 | D:6      | Killed Ratboiler's ghost
  7131 | D:6      | Reached skill level 11 in Stealth
  7147 | D:6      | Found Icerud's Magic Scroll Boutique.
  8390 | D:8      | Gained mutation: You are resistant to electric shocks. [potion of mutation]
  8390 | D:8      | Gained mutation: You have sharp toenails. [potion of mutation]
  8390 | D:8      | Gained mutation: You are somewhat resistant to further mutation. [potion of mutation]
  8553 | D:4      | Bought a potion of cure mutation for 300 gold pieces
  8708 | D:8      | Reached **** piety under Dithmenos
  8872 | D:8      | Reached skill level 12 in Stealth
  8934 | D:8      | Found a shimmering altar of Xom.
  9327 | D:9      | Noticed Erolcha
  9333 | D:9      | Killed Erolcha
  9333 | D:9      | Reached XP level 10. HP: 51/51 MP: 22/24
  9346 | D:9      | Reached skill level 13 in Stealth
  9351 | D:9      | Noticed Gastronok
  9363 | D:9      | Killed Gastronok
  9363 | D:9      | Reached skill level 5 in Fighting
  9363 | D:9      | Reached skill level 14 in Stealth
  9577 | D:9      | Noticed Psyche
  9661 | D:9      | Killed Psyche
  9730 | D:9      | Reached skill level 15 in Stealth
  9798 | D:9      | Found a sacrificial altar of Ru.
  9936 | D:9      | Noticed an unseen horror
  9942 | D:9      | Killed an unseen horror
  9957 | D:9      | Reached XP level 11. HP: 51/55 MP: 25/25
 10471 | D:10     | Entered Level 10 of the Dungeon
 10475 | D:10     | Found a staircase to the Lair.
 10792 | D:10     | Reached skill level 10 in Spellcasting
 10913 | D:10     | Reached skill level 16 in Stealth
 11099 | D:10     | Noticed a tengu warrior
 11146 | D:10     | Killed a tengu warrior
 11402 | D:10     | Got a transparent copper ring
 11403 | D:10     | Identified the ring "Heahimos" {+Inv rPois MR+ Str+7} (You found it on level 10 of the Dungeon)
 11701 | Lair:1   | Entered Level 1 of the Lair of Beasts
 11902 | Lair:1   | Reached ***** piety under Dithmenos
 12256 | Lair:2   | Reached skill level 17 in Stealth
 13050 | Lair:2   | Reached XP level 12. HP: 60/60 MP: 24/27
 13184 | Lair:3   | Reached skill level 18 in Stealth
 13233 | Lair:3   | Found a frozen archway.
 13267 | Lair:3   | Reached skill level 10 in Hexes
 13474 | IceCv    | Entered an ice cave
 13825 | IceCv    | Noticed a death yak
 13854 | IceCv    | Killed a death yak
 14122 | IceCv    | Reached skill level 1 in Conjurations
 14384 | IceCv    | Noticed a frost giant
 16401 | IceCv    | Killed a frost giant
 16401 | IceCv    | Reached skill level 19 in Stealth
 16528 | Lair:3   | Reached XP level 13. HP: 60/63 MP: 30/30
 16794 | Lair:3   | Noticed Nergalle
 16801 | Lair:3   | Killed Nergalle
 16984 | Lair:3   | Found a staircase to the Shoals.
 17235 | Lair:4   | Reached ****** piety under Dithmenos
 17358 | Lair:4   | Reached skill level 5 in Ice Magic
 17372 | Lair:4   | Reached skill level 20 in Stealth
 17508 | Lair:4   | Found a staircase to the Snake Pit.
 17532 | Lair:4   | Found a dark tunnel.
 17535 | Lair:4   | Reached skill level 10 in Dodging
 17575 | Volcano  | Entered a volcano
 18268 | Lair:4   | Learned a level 4 spell: Fulminant Prism
 19397 | Lair:5   | Noticed Josephine
 19405 | Lair:5   | Killed Josephine
 19863 | Lair:6   | Reached skill level 21 in Stealth
 21339 | Lair:7   | Reached XP level 14. HP: 54/68 MP: 19/32
 22129 | Lair:8   | Entered Level 8 of the Lair of Beasts
 22284 | Lair:8   | Reached skill level 22 in Stealth
 22848 | D:11     | Reached skill level 5 in Short Blades
 23070 | D:11     | Found Botan's Antique Armour Emporium.
 23254 | D:11     | Learned a level 5 spell: Metabolic Englaciation
 23775 | D:11     | Found a staircase to the Orcish Mines.
 23814 | Orc:1    | Entered Level 1 of the Orcish Mines
 24173 | Orc:2    | Entered Level 2 of the Orcish Mines
 24176 | Orc:2    | Found Onker's Food Shoppe.
 24185 | Orc:2    | Found Huzu's Armour Shop.
 24186 | Orc:2    | Bought a bread ration for 50 gold pieces
 24186 | Orc:2    | Bought a bread ration for 50 gold pieces
 24186 | Orc:2    | Bought a bread ration for 50 gold pieces
 24186 | Orc:2    | Bought 2 fruits for 30 gold pieces
 24698 | Orc:2    | Found a staircase to the Elven Halls.
 25327 | Orc:2    | Found Poirez's Distillery.
 25932 | Orc:2    | Found Heexoeck's Weapon Emporium.
 25974 | Orc:2    | Bought a potion of heal wounds for 70 gold pieces
 25974 | Orc:2    | Bought 2 potions of curing for 84 gold pieces
 25974 | Orc:2    | Bought a potion of curing for 42 gold pieces
 25974 | Orc:2    | Bought a potion of heal wounds for 70 gold pieces
 26517 | Orc:2    | Found Vacsoi's Book Boutique.
 26517 | Orc:2    | Found Fubun's Antique Weapon Boutique.
 26518 | Orc:2    | Found Letauho's Magic Scroll Shop.
 26518 | Orc:2    | Found Ifepeis's Antique Armour Boutique.
 26535 | Orc:2    | Bought a book of Necromancy for 390 gold pieces
 26539 | Orc:2    | Learned a level 3 spell: Regeneration
 26930 | Lair:8   | Found a staircase to the Slime Pits.
 26955 | Lair:8   | Reached skill level 1 in Charms
 27062 | Lair:8   | Identified Sif Muna's Tome of Orientation and the Snowflakes
 27714 | Lair:8   | Reached skill level 1 in Necromancy
 27727 | Lair:8   | Reached skill level 23 in Stealth
 28025 | Lair:8   | Reached XP level 15. HP: 72/72 MP: 28/34
 29216 | Snake:1  | Entered Level 1 of the Snake Pit
 29393 | Snake:1  | Found a shattered altar of Ashenzari.
 29630 | Snake:1  | Noticed Aizul
 29632 | Snake:1  | Killed Aizul
 29695 | Snake:1  | Got a shimmering platinum amulet
 29697 | Snake:1  | Identified the amulet "Byol" {Gourm Int+3 Dex+3 SInv} (You found it on level 1 of the Snake Pit)
 30000 | Snake:2  | Noticed Louise
 30002 | Snake:2  | Killed Louise
 30245 | Snake:2  | Noticed Asterion
 30439 | D:10     | Learned a level 4 spell: Animate Dead
 30930 | D:12     | Noticed Urug
 30958 | D:12     | Killed Urug
 31579 | D:13     | Noticed Maurice
 31584 | D:13     | Killed Maurice
 31669 | D:13     | Reached skill level 24 in Stealth
 32668 | D:14     | Found a gate to the Vaults.
 32688 | D:14     | Reached skill level 15 in Spellcasting
 32999 | D:14     | Reached skill level 1 in Evocations
 33175 | D:14     | Noticed Sonja
 33207 | D:14     | Killed Sonja
 33578 | D:14     | Reached XP level 16. HP: 77/77 MP: 34/36
 33688 | D:14     | Noticed Agnes
 33702 | D:14     | Killed Agnes
 33834 | D:15     | Entered Level 15 of the Dungeon
 33849 | D:15     | Found a basalt altar of Yredelemnul.
 34261 | D:15     | Found a staircase to the Depths.
 34626 | Snake:2  | Slain by Asterion

Vault maps used:
D:1:      erik_arrival_orb_chamber, minmay_misc_feat_chi, serial_bayou_pond_d
D:2:      kennysheep_six_static_rooms, grunt_dithmenos_smoke
D:3:      lemuel_coloured_pillars_altar
D:4:      kennysheep_mini, first_bread, minivault_11, kennysheep_windowed_goal,
          uniq_crazy_yiuf_cottage
D:5:      hangedman_decor_peaks_small, uniq_eustachio, uniq_grinder, uniq_edmund
D:6:      minmay_temple_entry_mist, serial_shops, nicolae_shop_trees,
          gammafunk_pakellas_cloud_experiment
D:8:      overflow_temple_1_default
D:9:      nicolae_ru_awakened_eye, hangedman_tell_no_tales,
          minmay_misc_feat_four_crosses, uniq_psyche, uniq_gastronok,
          uniq_erolcha
D:10:     dpeg_lair_monsters, minivault_16, grunt_ministairs_14, minmay_radiant
D:11:     hiddenorc1_lemuel, serial_shops, shop_fountains
D:12:     uniq_urug
D:13:     uniq_maurice
D:14:     erik_vaults_2, interstate_on_off, uniq_sonja, uniq_agnes
D:15:     grunt_enter_depths_giant_problem, fountainhead,
          yredelemnul_altar_generic
Temple:   nicolae_temple_x_marks_the_god_16
Lair:1:   minmay_holes
Lair:2:   lemuel_fruit_tree, serial_bayou_shore_a
Lair:3:   minmay_shoals_entry_lonely_mermaid, portal_ice_cave_entry_imps,
          serial_bayou_pond_b, st_stairs_11, serial_bayou_shore_b, uniq_nergalle
Lair:4:   guppyfry_snake_entry_island, nicolae_volcano_entry_vermiform
Lair:5:   bh_autumn_forest_stairs, uniq_josephine
Lair:7:   minmay_lair_oklob_items, nicolae_quartered_pool_super,
          minmay_another_anthill, grunt_megastairs_2, infiniplex_staircase_pool
Lair:8:   minmay_lair_end_enchanted_forest, minmay_slime_entry_jelly_boxes
Snake:1:  basic_altar, st_stairs_3, uniq_aizul
Snake:2:  abandoned_shop, uniq_louise, uniq_asterion
Orc:2:    st_orc_pillars, serial_shops, shop, nicolae_shop_scaring_up_business,
          shop, shop
IceCv:    ice_cave_caverns_03
Volcano:  volcano_tomb

Skill      XL: |  1  2  3  4  5  6  7  8  9 10 11 12 13 14 15 |
---------------+----------------------------------------------+-----
Hexes          | 4 5 6 7 8 9 11 12 13 14 | 14.4
Stealth        | 5 6 7 8 10 12 15 17 19 21 23 24 | 24.7
Spellcasting   | 3 4 5 6 7 9 10 12 13 14 15 | 15.6
Ice Magic      | 1 2 3 4 5 6 |  6.5
Fighting       | 1 2 4 5 |  5.7
Dodging        | 4 5 6 7 9 10 11 | 11.6
Short Blades   | 2 3 4 5 |  5.7
Conjurations   | 1 2 |  2.7
Charms         | 2 |  2.6
Necromancy     | 1 2 |  2.6
Evocations     | 1 |  1.0
Invocations    | |  0.2

Action                   |  1- 3 |  4- 6 |  7- 9 | 10-12 | 13-15 | 16-18 || total
-------------------------+-------+-------+-------+-------+-------+-------++-------
Melee: Dagger            |    88 |   106 |   211 |   363 |   876 |       ||  1644
       Kick              |       |       |     2 |    64 |   221 |     4 ||   291
       Short sword       |       |       |       |       |   135 |    37 ||   172
 Cast: Corona            |    12 |     1 |       |       |       |       ||    13
       Ensorcelled Hiber |    21 |    61 |    47 |   118 |   269 |    20 ||   536
       Tukima's Dance    |       |     7 |     9 |     9 |    56 |     6 ||    87
       Confuse           |       |    11 |    18 |    43 |    89 |     9 ||   170
       Dazzling Spray    |       |       |     6 |    40 |   116 |     6 ||   168
       Fulminant Prism   |       |       |       |       |    19 |     1 ||    20
       Metabolic Englaci |       |       |       |       |    14 |       ||    14
       Regeneration      |       |       |       |       |    13 |     2 ||    15
       Animate Dead      |       |       |       |       |    15 |     5 ||    20
Invok: Shadow Step       |       |       |       |     1 |     4 |       ||     5
Evoke: Club              |       |       |       |       |    10 |     3 ||    13
  Use: Potion            |       |       |    11 |     8 |     3 |       ||    22
       Scroll            |       |       |    12 |     6 |    12 |     1 ||    31
 Stab: Sleeping          |    29 |    56 |    67 |   143 |   365 |    16 ||   676
       Confused          |       |     4 |    14 |    25 |    53 |     6 ||   102
       Invisible         |       |       |     2 |     5 |    24 |       ||    31
       Distracted        |       |       |       |       |     3 |       ||     3
  Eat: Fruit             |       |     7 |       |       |       |       ||     7
       Bread ration      |       |       |     1 |     1 |       |       ||     2
       Pizza             |       |       |       |     2 |     3 |       ||     5
       Royal jelly       |       |       |       |       |     5 |     1 ||     6
Armor: Robe              |    13 |     8 |    10 |    15 |       |       ||    46
       Animal skin       |       |       |       |       |    65 |     1 ||    66
Dodge: Dodged            |    61 |    74 |   141 |   291 |   746 |    26 ||  1339
